 Dungeon Crawl Stone Soup version 0.29.0-4-gdea44cf6ec (webtiles) character file.

Game seed: 15316846318213574117

32496 qw the Brawler (level 13, -19/127 HPs)
             Began as a Troll Cinder Acolyte on Sept 1, 2022.
             Was an Initiate of Ignis.
             Killed from afar by an oklob plant (28 damage)
             ... with a splash of acid
             ... on level 4 of the Lair of Beasts.
             The game lasted 00:07:20 (14025 turns).

qw the Brawler (Troll Cinder Acolyte)              Turns: 14025, Time: 00:07:21

Health: -19/127    AC: -6    Str: 29    XL:     13   Next: 31%
Magic:  0/13       EV:  9    Int: 15    God:    Ignis [......]
Gold:   676        SH:  0    Dex:  5    Spells: 14/14 levels left

rFire   + + .      SeeInvis .     - Unarmed
rCold   + + .      Faith    .   (no shield)
rNeg    . . .      Spirit   +   o - +2 swamp dragon scales
rPois   +          Reflect  .   (helmet restricted)
rElec   .          Harm     .   h - +0 cloak "Riciangu" {*Slow rPois rC++ Int+5}
rCorr   .          Rampage  .   (gloves unavailable)
Will    .....                   (boots unavailable)
Stlth   ..........              f - amulet of guardian spirit
HPRegen 1.11/turn               l - ring of protection from fire
MPRegen 0.13/turn               i - +4 ring of protection

@: corroded
A: large, unfitting armour, claws 3, regeneration 1, shaggy fur 1, tough skin 1
a: Renounce Religion, Rising Flame


You were on level 4 of the Lair of Beasts.
You worshipped Ignis.
Ignis was noncommittal.
You visited 2 branches of the dungeon, and saw 13 of its levels.
You also visited: Ossuary.

You collected 856 gold pieces.
You spent 180 gold pieces at shops.


Innate Abilities, Weirdness & Mutations

You are too large for most types of armour.
You have claws for hands.
Your natural rate of healing is unusually fast.
You are covered in fur. (AC +1)
You have tough skin. (AC +1)


   Skills:
 - Level 8.0 Fighting
 + Level 7.1 Throwing
 - Level 4.3 Armour
 - Level 2.2 Dodging
 - Level 18.6 Unarmed Combat
 - Level 1.0 Spellcasting
 - Level 2.1 Fire Magic


You had 14 spell levels left.
You didn't know any spells.
Your spell library contained the following spells:

 Spells                   Type           Power      Damage    Failure   Level
 Scorch                   Fire           14%        2d6       22%         2

Inventory:

Missiles
 n - 6 boomerangs
 q - a large rock
 s - 9 javelins (quivered)
Armour
 a - a +0 cloak of willpower
 h - the +0 cloak "Riciangu" (worn) {*Slow rPois rC++ Int+5}
   (You acquired it on level 4 of the Dungeon)

   Int:       It affects your intelligence (+5).
   rC:        It greatly protects you from cold.
   rPois:     It protects you from poison.
   *Slow:     It may slow you when you take damage.
 o - +2 swamp dragon scales (worn)
Jewellery
 f - an amulet of guardian spirit (around neck)
 i - a +4 ring of protection (right claw)
 j - a ring of protection from cold
 l - a ring of protection from fire (left claw)
Scrolls
 c - 13 scrolls of identify
 p - 2 scrolls of enchant weapon
Potions
 b - a potion of haste
 d - 2 potions of resistance
 e - 2 potions of mutation
 m - 6 potions of curing

Dungeon Overview and Level Annotations

Branches:
Dungeon (9/15)             Temple (0/1) D:6            Lair (4/5) D:9
  Swamp (0/4) Lair:2       Spider (0/4) Lair:3      Ossuary (visited)
  Slime: Lair:4-5       Orc: D:9-12

Altars:
Dithmenos
Fedhas
Hepliaklqana
Kikubaaqudgha
Okawaru
Ru
Trog
Vehumet
Xom

Shops:
D:6 *

Annotations:
D:4 1 runed translucent door, Crazy Yiuf
D:8 3 runed translucent doors, qw's ghost, novice TeWr
D:9 1 runed translucent door
Lair:2 1 runed translucent door, qw's ghost, journeyman TrCA


Message History

13901 ||| FLEEEEING.
You see here a wand of digging (7).
You start resting.
You are no longer corroded.
Magic restored.
You start resting.
HP restored.
You see here a wand of digging (7).
The oklob plant spits acid at you. The splash of acid hits you!
The acid corrodes you!
Magic restored.
The oklob plant spits acid at you. The splash of acid hits you!
The oklob plant spits acid at you. The splash of acid hits you!
The oklob plant spits acid at you. The splash of acid hits you!!
The acid corrodes you! The oklob plant spits acid at you.
The splash of acid hits you!! The acid corrodes you!
The oklob plant spits acid at you. The splash of acid hits you!
The acid corrodes you! The oklob plant spits acid at you.
The splash of acid hits you!! The acid corrodes you!
The oklob plant spits acid at you. The splash of acid hits you!!
14001 ||| DRINKING 2 potions of heal wounds.
You feel much better. The oklob plant spits acid at you.
The splash of acid hits you!!
14003 ||| DRINKING potion of heal wounds.
You feel much better. The oklob plant spits acid at you.
The splash of acid hits you!! The acid corrodes you!
The oklob plant spits acid at you. The splash of acid hits you!!
The acid corrodes you! The oklob plant spits acid at you.
The splash of acid hits you! The acid corrodes you!
The oklob plant spits acid at you. The splash of acid hits you!!
You die...

.........P##................#.##.
.........###................#####
#........P###................# #
##.......## #................## #
#........# ###............#...###
###......# #............###.#...#
#......# ##............####....
##.....# ###............# #..#.
##....# #..#.@........P# #####
#P....# ##.##...PPP....# #
##.P.## #...#..[PPP!....#
########.####..PPP....## #../..#
#.#..)...#.( # #....## ##
....#..... . ####...## ...#.. ..
###.......# #..... ###........##


You could see an oklob plant.

Vanquished Creatures
  8 hydras
  A centaur warrior (D:9)
  A two-headed ogre (D:9)
  Pikel (D:6)
  A wolf spider (Lair:3)
  13 elephants
  Joseph (D:8)
  A black mamba (Lair:1)
  5 cane toads
  A rime drake (Lair:1)
  Psyche (D:8)
  4 komodo dragons (Lair:1)
  Maggie (D:6)
  2 polar bears
  2 tyrant leeches (Lair:2)
  A hornet (D:8)
  8 blink frogs
  Sigmund (D:4)
  A shadow (D:9)
  4 wraiths (D:9)
  A wyvern (D:9)
  3 fire bats (D:9)
  A vampire (D:9)
  29 yaks
  Eustachio (D:5)
  4 basilisks
  2 steam dragons
  Menkaure (D:4)
  2 swamp worms (Lair:2)
  Edmund (D:6)
  7 water moccasins
  2 black bears (D:6)
  A sky beast (D:7)
  2 ice beasts
  2 ogres
  2 centaurs
  47 wolves
  A lemure (D:6)
  15 bullfrogs
  A gnoll sergeant (D:9)
  2 kobold brigands (D:9)
  A necrophage (D:5)
  2 scorpions (D:6)
  3 wights (D:8)
  3 killer bees (D:7)
  2 howler monkeys
  An electric eel (Lair:1)
  A hound (D:4)
  2 human zombies (Ossuary)
  4 jellies
  2 orc priests
  3 iguanas
  Natasha (thrice) (D:4)
  6 orc wizards
  2 mummies (Ossuary)
  11 gnolls
  5 adders
  A shadow imp (D:6)
  3 white imps
  4 adder zombies (Ossuary)
  2 worms (D:2)
  3 dart slugs
  18 orcs
  12 bats
  5 endoplasms
  7 giant cockroaches
  6 goblins
  8 hobgoblins
  3 jackals (D:3)
  10 kobolds
  A quokka (D:3)
  4 ball pythons
  2 frilled lizards
  6 hobgoblin zombies (Ossuary)
  8 kobold zombies (Ossuary)
  14 orc zombies (Ossuary)
  5 rats
  2 rat zombies (Ossuary)
  A butterfly (Lair:1)
361 creatures vanquished.

Vanquished Creatures (others)
  A wizard (D:4)
  6 fungi
  17 plants
24 creatures vanquished.

Grand Total: 385 creatures vanquished

Notes
Turn   | Place    | Note
-------+----------+-------------------------------------------
     0 | D:1      | qw the Troll Cinder Acolyte began the quest for the Orb.
     0 | D:1      | Reached XP level 1. HP: 22/22 MP: 1/1
     0 | D:1      | 0 ||| qw: Version: 0.1-a-97-g2dd2ca4
     0 | D:1      | 0 ||| qw: Game counter: 4890
     0 | D:1      | 0 ||| qw: Always use a shield: true
     0 | D:1      | 0 ||| qw: God list: Okawaru
     0 | D:1      | 0 ||| qw: Allow faded altars: false
     0 | D:1      | 0 ||| qw: Do Orc after D:15 true
     0 | D:1      | 0 ||| qw: Do second Lair branch before Depths: true
     0 | D:1      | 0 ||| qw: Lair rune preference: random
     0 | D:1      | 0 ||| qw: Plans: Normal
     0 | D:1      | 0 ||| PLANNING D:1-11
    29 | D:1      | 29 ||| Stepping ~*~*~tactically~*~*~ (hiding).
    32 | D:1      | 32 ||| Stepping ~*~*~tactically~*~*~ (hiding).
    34 | D:1      | 34 ||| Stepping ~*~*~tactically~*~*~ (hiding).
   243 | D:1      | Reached XP level 2. HP: 29/29 MP: 2/2
   542 | D:1      | 542 ||| UPGRADING to amulet of guardian spirit.
   547 | D:1      | 547 ||| READING 2 scrolls labelled DOROEM EFOLYHI.
   548 | D:1      | 548 ||| READING scroll labelled YXEPHA FUEM.
   595 | D:2      | 595 ||| Stepping ~*~*~tactically~*~*~ (hiding).
   604 | D:2      | Reached skill level 4 in Unarmed Combat
   832 | D:2      | Reached XP level 3. HP: 36/36 MP: 3/3
   906 | D:2      | 906 ||| INVOKING Fiery Armour.
   910 | D:2      | 910 ||| Stepping ~*~*~tactically~*~*~ (outnumbered).
   911 | D:2      | 911 ||| Stepping ~*~*~tactically~*~*~ (outnumbered).
   920 | D:2      | Reached skill level 5 in Unarmed Combat
   920 | D:2      | Reached XP level 4. HP: 21/44 MP: 1/4
  1164 | D:2      | Found a shadowy altar of Dithmenos.
  1214 | D:2      | 1214 ||| DROPPING amulet of magic regeneration.
  1215 | D:2      | 1215 ||| UPGRADING to ring of protection from fire.
  1216 | D:2      | 1216 ||| READING scroll labelled VUGICV MITUEFFA.
  1217 | D:2      | 1217 ||| READING scroll labelled NILAEKI CUJOCH.
  1222 | D:2      | 1222 ||| DRINKING 2 sapphire potions.
  1223 | D:2      | 1223 ||| READING 3 scrolls of identify.
  1223 | D:2      | 1223 ||| IDENTIFYING metallic blue potion
  1224 | D:2      | 1224 ||| READING 2 scrolls of identify.
  1224 | D:2      | 1224 ||| IDENTIFYING fizzy coppery potion
  1225 | D:2      | 1225 ||| DROPPING potion of attraction.
  1277 | D:3      | Found a faded altar of an unknown god.
  1330 | D:3      | 1330 ||| Stepping ~*~*~tactically~*~*~ (stealth).
  1353 | D:3      | Noticed a bullfrog
  1359 | D:3      | Killed a bullfrog
  1360 | D:3      | Reached skill level 6 in Unarmed Combat
  1360 | D:3      | Reached XP level 5. HP: 47/50 MP: 3/5
  1360 | D:3      | 1360 ||| Stepping ~*~*~tactically~*~*~ (outnumbered).
  1848 | D:3      | Found a hazy altar of Hepliaklqana.
  2049 | D:3      | 2049 ||| UPGRADING to +4 ring of protection.
  2050 | D:3      | 2050 ||| READING 2 scrolls labelled ZOCAOTE DIMEO.
  2051 | D:3      | 2051 ||| READING 2 scrolls labelled URULEU FUEVVO.
  2052 | D:3      | 2052 ||| READING scroll labelled RIUMOJ MANEAKU.
  2053 | D:3      | 2053 ||| READING 3 scrolls of identify.
  2053 | D:3      | 2053 ||| IDENTIFYING golden potion
  2054 | D:3      | 2054 ||| READING 2 scrolls of identify.
  2054 | D:3      | 2054 ||| IDENTIFYING blue potion
  2055 | D:3      | 2055 ||| DROPPING scroll of poison.
  2056 | D:3      | 2056 ||| DROPPING potion of flight.
  2057 | D:3      | 2057 ||| DROPPING scroll of blinking.
  2058 | D:3      | 2058 ||| Stepping randomly (stuck).
  2059 | D:3      | 2059 ||| Stepping ~*~*~tactically~*~*~ (cloud).
  2169 | D:4      | Noticed Sigmund
  2174 | D:4      | Killed Sigmund
  2175 | D:4      | Reached skill level 7 in Unarmed Combat
  2175 | D:4      | Reached XP level 6. HP: 59/59 MP: 6/6
  2252 | D:4      | Noticed Natasha
  2263 | D:4      | Killed Natasha
  2567 | D:4      | Noticed Menkaure
  2568 | D:4      | 2568 ||| FLEEEEING.
  2571 | D:4      | 2571 ||| FLEEEEING.
  2572 | D:4      | 2572 ||| FLEEEEING.
  2574 | D:4      | 2574 ||| FLEEEEING.
  2575 | D:4      | 2575 ||| FLEEEEING.
  2576 | D:4      | 2576 ||| FLEEEEING.
  2577 | D:4      | 2577 ||| FLEEEEING.
  2578 | D:4      | 2578 ||| FLEEEEING.
  2579 | D:4      | 2579 ||| FLEEEEING.
  2580 | D:4      | 2580 ||| FLEEEEING.
  2581 | D:4      | 2581 ||| FLEEEEING.
  2582 | D:4      | 2582 ||| FLEEEEING.
  2583 | D:4      | 2583 ||| FLEEEEING.
  2584 | D:4      | 2584 ||| FLEEEEING.
  2585 | D:4      | 2585 ||| FLEEEEING.
  2586 | D:4      | 2586 ||| FLEEEEING.
  2587 | D:4      | 2587 ||| FLEEEEING.
  2607 | D:4      | 2607 ||| INVOKING Fiery Armour.
  2608 | D:4      | Killed Menkaure
  2609 | D:4      | Reached skill level 8 in Unarmed Combat
  2609 | D:4      | Reached XP level 7. HP: 32/66 MP: 3/7
  2836 | D:4      | Reached skill level 3 in Fighting
  2836 | D:4      | 2836 ||| FLEEEEING.
  2837 | D:4      | 2837 ||| FLEEEEING.
  2838 | D:4      | 2838 ||| FLEEEEING.
  2839 | D:4      | 2839 ||| FLEEEEING.
  2841 | D:4      | 2841 ||| FLEEEEING.
  2842 | D:4      | 2842 ||| FLEEEEING.
  2843 | D:4      | 2843 ||| FLEEEEING.
  2844 | D:4      | 2844 ||| FLEEEEING.
  2845 | D:4      | 2845 ||| FLEEEEING.
  2846 | D:4      | 2846 ||| FLEEEEING.
  2847 | D:4      | 2847 ||| FLEEEEING.
  2848 | D:4      | 2848 ||| FLEEEEING.
  2849 | D:4      | 2849 ||| FLEEEEING.
  2850 | D:4      | 2850 ||| FLEEEEING.
  2851 | D:4      | 2851 ||| FLEEEEING.
  2852 | D:4      | 2852 ||| FLEEEEING.
  2853 | D:4      | 2853 ||| FLEEEEING.
  2867 | D:4      | 2867 ||| DRINKING potion of curing.
  2867 | D:4      | 2867 ||| (to cure confusion)
  2945 | D:4      | Noticed Natasha
  2953 | D:4      | Killed Natasha
  2975 | D:4      | Found a bloodstained altar of Trog.
  2977 | D:4      | Noticed a wizard
  2983 | D:4      | Killed a wizard
  3022 | D:4      | 3022 ||| Stepping ~*~*~tactically~*~*~ (stealth).
  3087 | D:4      | Found a runed translucent door.
  3088 | D:4      | Noticed Crazy Yiuf
  3230 | D:4      | Noticed Natasha
  3231 | D:4      | 3231 ||| Stepping ~*~*~tactically~*~*~ (stealth).
  3232 | D:4      | 3232 ||| Stepping ~*~*~tactically~*~*~ (stealth).
  3238 | D:4      | Killed Natasha
  3486 | D:4      | 3486 ||| READING scroll labelled JOTAIMEI YSADO.
  3486 | D:4      | Identified a scroll of acquirement
  3486 | D:4      | 3486 ||| ACQUIRING +0 cloak "Riciangu" {*Slow rPois rC++
                  | Int+5}
  3486 | D:4      | Acquired the +0 cloak "Riciangu" {*Slow rPois rC++ Int+5}
  3488 | D:4      | 3488 ||| UPGRADING to +0 cloak "Riciangu" {*Slow rPois rC++
                  | Int+5}.
  3493 | D:4      | 3493 ||| DRINKING 2 dark potions.
  3513 | D:5      | Entered Level 5 of the Dungeon
  3583 | D:5      | Found a radiant altar of Vehumet.
  3591 | D:5      | Noticed Eustachio
  3600 | D:5      | 3600 ||| Stepping ~*~*~tactically~*~*~ (outnumbered).
  3683 | D:5      | Killed Eustachio
  3684 | D:5      | Reached skill level 9 in Unarmed Combat
  3714 | D:5      | Reached skill level 1 in Dodging
  3714 | D:5      | Reached XP level 8. HP: 74/75 MP: 6/8
  3767 | D:5      | 3767 ||| Stepping ~*~*~tactically~*~*~ (hiding).
  3768 | D:5      | 3768 ||| Stepping ~*~*~tactically~*~*~ (hiding).
  3770 | D:5      | 3770 ||| Stepping ~*~*~tactically~*~*~ (hiding).
  3898 | D:5      | Reached skill level 1 in Throwing
  3957 | D:5      | 3957 ||| Stepping ~*~*~tactically~*~*~ (stealth).
  3959 | D:5      | 3959 ||| Stepping ~*~*~tactically~*~*~ (stealth).
  3972 | D:5      | Found an ancient bone altar of Kikubaaqudgha.
  4062 | D:5      | Identified the ring of Qairr {Fly rN+++ MP+9 Dex-5}
  4093 | D:5      | 4093 ||| DROPPING ring of Qairr {Fly rN+++ MP+9 Dex-5}.
  4094 | D:5      | 4094 ||| DRINKING 2 orange potions.
  4195 | D:5      | 4195 ||| DROPPING potion of ambrosia.
  4211 | D:6      | 4211 ||| PLANNING OSSUARY
  4268 | D:6      | Noticed Maggie
  4269 | D:6      | 4269 ||| Stepping ~*~*~tactically~*~*~ (hiding).
  4280 | D:6      | Reached skill level 10 in Unarmed Combat
  4286 | D:6      | Killed Maggie
  4355 | D:6      | 4355 ||| Stepping ~*~*~tactically~*~*~ (stealth).
  4363 | D:6      | 4363 ||| Stepping ~*~*~tactically~*~*~ (stealth).
  4365 | D:6      | 4365 ||| Stepping ~*~*~tactically~*~*~ (stealth).
  4367 | D:6      | 4367 ||| Stepping ~*~*~tactically~*~*~ (hiding).
  4404 | D:6      | 4404 ||| Stepping ~*~*~tactically~*~*~ (stealth).
  4408 | D:6      | 4408 ||| Stepping ~*~*~tactically~*~*~ (stealth).
  4426 | D:6      | 4426 ||| Stepping ~*~*~tactically~*~*~ (stealth).
  4435 | D:6      | Reached XP level 9. HP: 75/85 MP: 7/9
  4451 | D:6      | Noticed Pikel
  4461 | D:6      | 4461 ||| Stepping ~*~*~tactically~*~*~ (outnumbered).
  4463 | D:6      | 4463 ||| Stepping ~*~*~tactically~*~*~ (outnumbered).
  4464 | D:6      | 4464 ||| Stepping ~*~*~tactically~*~*~ (outnumbered).
  4467 | D:6      | 4467 ||| Stepping ~*~*~tactically~*~*~ (outnumbered).
  4471 | D:6      | Killed Pikel
  4472 | D:6      | Reached skill level 11 in Unarmed Combat
  4789 | D:6      | Found a sand-covered staircase.
  4790 | D:6      | 4790 ||| UPGRADING to +0 swamp dragon scales.
  4800 | D:6      | 4800 ||| DROPPING +0 robe.
  4805 | Ossuary  | Entered an ossuary
  4837 | Ossuary  | 4837 ||| Stepping ~*~*~tactically~*~*~ (outnumbered).
  4840 | Ossuary  | 4840 ||| Stepping ~*~*~tactically~*~*~ (outnumbered).
  4842 | Ossuary  | 4842 ||| Stepping ~*~*~tactically~*~*~ (outnumbered).
  4843 | Ossuary  | 4843 ||| Stepping ~*~*~tactically~*~*~ (outnumbered).
  4844 | Ossuary  | 4844 ||| Stepping ~*~*~tactically~*~*~ (outnumbered).
  4845 | Ossuary  | 4845 ||| Stepping ~*~*~tactically~*~*~ (outnumbered).
  4847 | Ossuary  | 4847 ||| Stepping ~*~*~tactically~*~*~ (outnumbered).
  4848 | Ossuary  | 4848 ||| Stepping ~*~*~tactically~*~*~ (outnumbered).
  4902 | Ossuary  | 4902 ||| Stepping ~*~*~tactically~*~*~ (stealth).
  4904 | Ossuary  | 4904 ||| Stepping ~*~*~tactically~*~*~ (stealth).
  4949 | Ossuary  | 4949 ||| INVOKING Fiery Armour.
  4950 | Ossuary  | 4950 ||| Stepping ~*~*~tactically~*~*~ (outnumbered).
  4952 | Ossuary  | 4952 ||| Stepping ~*~*~tactically~*~*~ (outnumbered).
  4960 | Ossuary  | 4960 ||| Stepping ~*~*~tactically~*~*~ (outnumbered).
  4963 | Ossuary  | 4963 ||| Stepping ~*~*~tactically~*~*~ (outnumbered).
  4964 | Ossuary  | 4964 ||| Stepping ~*~*~tactically~*~*~ (outnumbered).
  4973 | Ossuary  | Reached skill level 1 in Armour
  4983 | Ossuary  | 4983 ||| Stepping ~*~*~tactically~*~*~ (outnumbered).
  4984 | Ossuary  | 4984 ||| Stepping ~*~*~tactically~*~*~ (outnumbered).
  4989 | Ossuary  | 4989 ||| Stepping ~*~*~tactically~*~*~ (outnumbered).
  4990 | Ossuary  | 4990 ||| Stepping ~*~*~tactically~*~*~ (outnumbered).
  4992 | Ossuary  | 4992 ||| Stepping ~*~*~tactically~*~*~ (outnumbered).
  5181 | Ossuary  | 5181 ||| READING scroll labelled PIGA DEROAMUMY.
  5182 | Ossuary  | 5182 ||| READING 2 scrolls labelled GARPHO PIXTORR.
  5183 | Ossuary  | 5183 ||| DRINKING 2 smoky silvery potions.
  5227 | Ossuary  | 5227 ||| DROPPING potion of lignification.
  5228 | Ossuary  | 5228 ||| DROPPING scroll of fog.
  5237 | D:6      | 5237 ||| PLANNING D:1-11
  5302 | D:6      | 5302 ||| READING 6 scrolls of teleportation.
  5308 | D:6      | 5308 ||| READING 5 scrolls of teleportation.
  5310 | D:6      | Found Wutriom's Assorted Antiques.
  5316 | D:6      | 5316 ||| BUYING potion of curing (90 gold).
  5316 | D:6      | Bought a potion of curing for 90 gold pieces
  5316 | D:6      | 5316 ||| BUYING scroll labelled LAFFUM CINU (30 gold).
  5316 | D:6      | Bought a scroll labelled LAFFUM CINU for 30 gold pieces
  5316 | D:6      | 5316 ||| BUYING scroll of identify (60 gold).
  5316 | D:6      | Bought a scroll of identify for 60 gold pieces
  5514 | D:6      | Found a staircase to the Ecumenical Temple.
  5610 | D:6      | Noticed Edmund
  5623 | D:6      | Killed Edmund
  5711 | D:6      | 5711 ||| READING scroll labelled LAFFUM CINU.
  5747 | D:6      | 5747 ||| READING scroll labelled VEKHIM UNGY.
  5856 | D:7      | Reached skill level 3 in Throwing
  5928 | D:7      | 5928 ||| Stepping ~*~*~tactically~*~*~ (hiding).
  5929 | D:7      | 5929 ||| Stepping ~*~*~tactically~*~*~ (hiding).
  6439 | D:7      | 6439 ||| Stepping ~*~*~tactically~*~*~ (outnumbered).
  6559 | D:7      | 6559 ||| READING 3 scrolls labelled QOCKOR UGYOTI.
  6560 | D:7      | 6560 ||| READING scroll labelled SATTIKL CEUWE.
  6561 | D:7      | 6561 ||| DROPPING 2 scrolls of noise.
  6782 | D:8      | Reached skill level 12 in Unarmed Combat
  6811 | D:8      | 6811 ||| Stepping ~*~*~tactically~*~*~ (stealth).
  6977 | D:8      | 6977 ||| Stepping ~*~*~tactically~*~*~ (stealth).
  7043 | D:8      | Noticed Joseph
  7044 | D:8      | 7044 ||| Stepping ~*~*~tactically~*~*~ (hiding).
  7045 | D:8      | 7045 ||| Stepping ~*~*~tactically~*~*~ (hiding).
  7046 | D:8      | 7046 ||| Stepping ~*~*~tactically~*~*~ (hiding).
  7053 | D:8      | Killed Joseph
  7054 | D:8      | Reached XP level 10. HP: 92/96 MP: 8/10
  7065 | D:8      | Noticed Psyche
  7066 | D:8      | 7066 ||| Stepping ~*~*~tactically~*~*~ (stealth).
  7074 | D:8      | Killed Psyche
  7184 | D:8      | Found a blossoming altar of Fedhas.
  7243 | D:8      | Found a runed translucent gate.
  7243 | D:8      | Found a runed translucent gate.
  7244 | D:8      | Found a runed translucent gate.
  7246 | D:8      | Noticed qw's ghost (novice TeWr)
  7519 | D:8      | 7519 ||| READING 5 scrolls of teleportation.
  7771 | D:9      | Found a runed translucent door.
  7822 | D:9      | Found a shimmering altar of Xom.
  7839 | D:9      | Found a sacrificial altar of Ru.
  7855 | D:9      | Found a sacrificial altar of Ru.
  7871 | D:9      | Found the +5 glaive of the Guard {elec, spectral, AC+5}
  7871 | D:9      | Noticed a flayed ghost
  8002 | D:9      | Found a hazy altar of Hepliaklqana.
  8013 | D:9      | Found a shimmering altar of Xom.
  8017 | D:9      | Reached skill level 13 in Unarmed Combat
  8189 | D:9      | Found an iron altar of Okawaru.
  8405 | D:9      | Noticed a two-headed ogre
  8410 | D:9      | Killed a two-headed ogre
  8411 | D:9      | Reached skill level 14 in Unarmed Combat
  8427 | D:9      | Noticed a centaur warrior
  8428 | D:9      | 8428 ||| Stepping ~*~*~tactically~*~*~ (hiding).
  8436 | D:9      | Killed a centaur warrior
  8437 | D:9      | Reached skill level 3 in Armour
  8438 | D:9      | 8438 ||| Stepping ~*~*~tactically~*~*~ (outnumbered).
  8564 | D:9      | Found a staircase to the Lair.
  8938 | D:9      | 8938 ||| READING scroll of acquirement.
  8938 | D:9      | 8938 ||| ACQUIRING +0 cloak of willpower
  8938 | D:9      | Acquired a +0 cloak of willpower
  9117 | D:9      | 9117 ||| READING 5 scrolls of teleportation.
  9118 | D:9      | 9118 ||| PLANNING LAIR
  9228 | Lair:1   | Entered Level 1 of the Lair of Beasts
  9279 | Lair:1   | Reached XP level 11. HP: 105/105 MP: 11/11
  9280 | Lair:1   | 9280 ||| Stepping ~*~*~tactically~*~*~ (outnumbered).
  9281 | Lair:1   | 9281 ||| Stepping ~*~*~tactically~*~*~ (outnumbered).
  9282 | Lair:1   | 9282 ||| Stepping ~*~*~tactically~*~*~ (outnumbered).
  9283 | Lair:1   | 9283 ||| Stepping ~*~*~tactically~*~*~ (outnumbered).
  9285 | Lair:1   | 9285 ||| Stepping ~*~*~tactically~*~*~ (outnumbered).
  9286 | Lair:1   | 9286 ||| Stepping ~*~*~tactically~*~*~ (outnumbered).
  9287 | Lair:1   | 9287 ||| Stepping ~*~*~tactically~*~*~ (outnumbered).
  9291 | Lair:1   | 9291 ||| Stepping ~*~*~tactically~*~*~ (outnumbered).
  9292 | Lair:1   | 9292 ||| Stepping ~*~*~tactically~*~*~ (outnumbered).
  9293 | Lair:1   | 9293 ||| Stepping ~*~*~tactically~*~*~ (outnumbered).
  9294 | Lair:1   | 9294 ||| Stepping ~*~*~tactically~*~*~ (outnumbered).
  9295 | Lair:1   | 9295 ||| Stepping ~*~*~tactically~*~*~ (outnumbered).
  9296 | Lair:1   | 9296 ||| Stepping ~*~*~tactically~*~*~ (outnumbered).
  9297 | Lair:1   | 9297 ||| Stepping ~*~*~tactically~*~*~ (outnumbered).
  9298 | Lair:1   | 9298 ||| Stepping ~*~*~tactically~*~*~ (outnumbered).
  9300 | Lair:1   | 9300 ||| Stepping ~*~*~tactically~*~*~ (outnumbered).
  9301 | Lair:1   | 9301 ||| Stepping ~*~*~tactically~*~*~ (outnumbered).
  9305 | Lair:1   | Reached skill level 6 in Fighting
  9403 | Lair:1   | 9403 ||| Stepping ~*~*~tactically~*~*~ (outnumbered).
  9428 | Lair:1   | Reached skill level 6 in Throwing
  9551 | Lair:1   | 9551 ||| Stepping ~*~*~tactically~*~*~ (stealth).
  9554 | Lair:1   | Noticed an eight-headed hydra
  9555 | Lair:1   | 9555 ||| INVOKING Fiery Armour.
  9576 | Lair:1   | Killed a ten-headed hydra
  9580 | Lair:1   | Reached skill level 15 in Unarmed Combat
  9604 | Lair:1   | 9604 ||| Stepping ~*~*~tactically~*~*~ (outnumbered).
  9605 | Lair:1   | 9605 ||| Stepping ~*~*~tactically~*~*~ (outnumbered).
  9606 | Lair:1   | 9606 ||| Stepping ~*~*~tactically~*~*~ (outnumbered).
  9691 | Lair:1   | 9691 ||| Stepping ~*~*~tactically~*~*~ (stealth).
  9784 | Lair:1   | 9784 ||| Stepping ~*~*~tactically~*~*~ (stealth).
  9790 | Lair:1   | 9790 ||| Stepping ~*~*~tactically~*~*~ (outnumbered).
  9795 | Lair:1   | Reached skill level 16 in Unarmed Combat
  9855 | Lair:1   | 9855 ||| Stepping ~*~*~tactically~*~*~ (stealth).
  9863 | Lair:1   | 9863 ||| Stepping ~*~*~tactically~*~*~ (stealth).
  9898 | Lair:1   | Noticed a five-headed hydra
  9899 | Lair:1   | 9899 ||| INVOKING Fiery Armour.
  9905 | Lair:1   | Killed a seven-headed hydra
 10045 | Lair:1   | Reached XP level 12. HP: 118/118 MP: 12/12
 10128 | Lair:1   | 10128 ||| Stepping ~*~*~tactically~*~*~ (stealth).
 10217 | Lair:1   | 10217 ||| Stepping ~*~*~tactically~*~*~ (stealth).
 10220 | Lair:1   | 10220 ||| Stepping ~*~*~tactically~*~*~ (stealth).
 10224 | Lair:1   | 10224 ||| INVOKING Fiery Armour.
 10229 | Lair:1   | Noticed a six-headed hydra
 10230 | Lair:1   | 10230 ||| Stepping ~*~*~tactically~*~*~ (stealth).
 10268 | Lair:1   | Killed an eight-headed hydra
 10498 | Lair:1   | 10498 ||| READING scroll labelled CEROES SASM.
 10519 | Lair:2   | 10519 ||| PLANNING GAUNTLET
 10609 | Lair:2   | 10609 ||| INVOKING Fiery Armour.
 10609 | Lair:2   | HP: 25/118 [tyrant leech (18)]
 10610 | Lair:2   | 10610 ||| READING 4 scrolls of teleportation.
 10611 | Lair:2   | 10611 ||| DRINKING 4 potions of heal wounds.
 10612 | Lair:2   | 10612 ||| DRINKING 3 potions of heal wounds.
 10613 | Lair:2   | 10613 ||| DRINKING 2 potions of heal wounds.
 10679 | Lair:2   | 10679 ||| Stepping ~*~*~tactically~*~*~ (stealth).
 10780 | Lair:2   | 10780 ||| Stepping ~*~*~tactically~*~*~ (outnumbered).
 10781 | Lair:2   | 10781 ||| Stepping ~*~*~tactically~*~*~ (outnumbered).
 10782 | Lair:2   | 10782 ||| Stepping ~*~*~tactically~*~*~ (outnumbered).
 10784 | Lair:2   | 10784 ||| Stepping ~*~*~tactically~*~*~ (outnumbered).
 10860 | Lair:2   | Found a runed translucent door.
 10864 | Lair:2   | Noticed qw's ghost (journeyman TrCA)
 10865 | Lair:2   | Identified the +4 spear of the Delicate God {vorpal, *Rage
                  | rC- rN+++ Int+4}
 10890 | Lair:2   | Identified the +6 quarterstaff of Baidwon {venom, Str+3
                  | Int-2 Dex+8}
 10967 | Lair:2   | 10967 ||| Stepping ~*~*~tactically~*~*~ (outnumbered).
 10968 | Lair:2   | 10968 ||| Stepping ~*~*~tactically~*~*~ (outnumbered).
 10971 | Lair:2   | 10971 ||| Stepping ~*~*~tactically~*~*~ (outnumbered).
 10975 | Lair:2   | 10975 ||| FLEEEEING.
 10978 | Lair:2   | 10978 ||| Stepping ~*~*~tactically~*~*~ (outnumbered).
 10984 | Lair:2   | 10984 ||| FLEEEEING.
 10988 | Lair:2   | 10988 ||| FLEEEEING.
 10989 | Lair:2   | 10989 ||| FLEEEEING.
 10991 | Lair:2   | 10991 ||| FLEEEEING.
 10992 | Lair:2   | 10992 ||| STAIRDANCE
 11007 | Lair:2   | 11007 ||| RIP GAUNTLET
 11009 | Lair:2   | 11009 ||| PLANNING LAIR
 11064 | Lair:2   | 11064 ||| Stepping ~*~*~tactically~*~*~ (stealth).
 11089 | Lair:2   | 11089 ||| INVOKING Fiery Armour.
 11182 | Lair:2   | 11182 ||| Stepping ~*~*~tactically~*~*~ (stealth).
 11216 | Lair:2   | Noticed a six-headed hydra
 11217 | Lair:2   | 11217 ||| INVOKING Fiery Armour.
 11218 | Lair:2   | Noticed a seven-headed hydra
 11219 | Lair:2   | Killed a seven-headed hydra
 11220 | Lair:2   | Reached skill level 17 in Unarmed Combat
 11224 | Lair:2   | 11224 ||| Stepping ~*~*~tactically~*~*~ (hiding).
 11224 | Lair:2   | Killed a seven-headed hydra
 11227 | Lair:2   | 11227 ||| FLEEEEING.
 11265 | Lair:2   | Found a staircase to the Swamp.
 11646 | Lair:2   | 11646 ||| READING scroll labelled ZIGIR YJ PIHU.
 11993 | Lair:3   | 11993 ||| Stepping ~*~*~tactically~*~*~ (stealth).
 11997 | Lair:3   | 11997 ||| Stepping ~*~*~tactically~*~*~ (stealth).
 12122 | Lair:3   | 12122 ||| Stepping ~*~*~tactically~*~*~ (stealth).
 12123 | Lair:3   | 12123 ||| Stepping ~*~*~tactically~*~*~ (stealth).
 12150 | Lair:3   | 12150 ||| Stepping ~*~*~tactically~*~*~ (outnumbered).
 12151 | Lair:3   | 12151 ||| Stepping ~*~*~tactically~*~*~ (outnumbered).
 12311 | Lair:3   | Reached skill level 18 in Unarmed Combat
 12322 | Lair:3   | 12322 ||| READING scroll of enchant armour.
 12322 | Lair:3   | 12322 ||| ENCHANTING +0 swamp dragon scales.
 12342 | Lair:3   | Noticed a six-headed hydra
 12343 | Lair:3   | 12343 ||| INVOKING Fiery Armour.
 12349 | Lair:3   | Killed an eight-headed hydra
 12350 | Lair:3   | 12350 ||| FLEEEEING.
 12351 | Lair:3   | 12351 ||| FLEEEEING.
 12361 | Lair:3   | 12361 ||| Stepping ~*~*~tactically~*~*~ (outnumbered).
 12362 | Lair:3   | 12362 ||| Stepping ~*~*~tactically~*~*~ (outnumbered).
 12363 | Lair:3   | 12363 ||| Stepping ~*~*~tactically~*~*~ (outnumbered).
 12364 | Lair:3   | 12364 ||| Stepping ~*~*~tactically~*~*~ (outnumbered).
 12365 | Lair:3   | 12365 ||| Stepping ~*~*~tactically~*~*~ (outnumbered).
 12366 | Lair:3   | 12366 ||| STAIRDANCE
 12368 | Lair:2   | 12368 ||| Stepping ~*~*~tactically~*~*~ (outnumbered).
 12369 | Lair:2   | 12369 ||| Stepping ~*~*~tactically~*~*~ (outnumbered).
 12457 | Lair:3   | 12457 ||| Stepping ~*~*~tactically~*~*~ (outnumbered).
 12458 | Lair:3   | 12458 ||| Stepping ~*~*~tactically~*~*~ (outnumbered).
 12491 | Lair:3   | Found a hole to the Spider Nest.
 12730 | Lair:4   | Reached XP level 13. HP: 127/127 MP: 13/13
 12734 | Lair:4   | 12734 ||| Stepping ~*~*~tactically~*~*~ (outnumbered).
 12794 | Lair:4   | 12794 ||| FLEEEEING.
 12846 | Lair:4   | 12846 ||| INVOKING Fiery Armour.
 12856 | Lair:4   | 12856 ||| READING 3 scrolls of teleportation.
 12978 | Lair:4   | 12978 ||| Stepping ~*~*~tactically~*~*~ (stealth).
 12981 | Lair:4   | 12981 ||| INVOKING Fiery Armour.
 13065 | Lair:4   | 13065 ||| Stepping ~*~*~tactically~*~*~ (outnumbered).
 13068 | Lair:4   | 13068 ||| Stepping ~*~*~tactically~*~*~ (outnumbered).
 13069 | Lair:4   | 13069 ||| Stepping ~*~*~tactically~*~*~ (outnumbered).
 13070 | Lair:4   | 13070 ||| Stepping ~*~*~tactically~*~*~ (outnumbered).
 13079 | Lair:4   | 13079 ||| Stepping ~*~*~tactically~*~*~ (stealth).
 13219 | Lair:4   | 13219 ||| Stepping ~*~*~tactically~*~*~ (stealth).
 13226 | Lair:4   | 13226 ||| INVOKING Fiery Armour.
 13298 | Lair:4   | 13298 ||| READING scroll of enchant armour.
 13298 | Lair:4   | 13298 ||| ENCHANTING +1 swamp dragon scales.
 13345 | Lair:4   | 13345 ||| Stepping ~*~*~tactically~*~*~ (stealth).
 13347 | Lair:4   | 13347 ||| Stepping ~*~*~tactically~*~*~ (stealth).
 13356 | Lair:4   | 13356 ||| Stepping ~*~*~tactically~*~*~ (outnumbered).
 13357 | Lair:4   | 13357 ||| Stepping ~*~*~tactically~*~*~ (outnumbered).
 13358 | Lair:4   | 13358 ||| Stepping ~*~*~tactically~*~*~ (outnumbered).
 13359 | Lair:4   | 13359 ||| Stepping ~*~*~tactically~*~*~ (outnumbered).
 13360 | Lair:4   | 13360 ||| Stepping ~*~*~tactically~*~*~ (outnumbered).
 13361 | Lair:4   | 13361 ||| Stepping ~*~*~tactically~*~*~ (outnumbered).
 13362 | Lair:4   | 13362 ||| Stepping ~*~*~tactically~*~*~ (outnumbered).
 13363 | Lair:4   | 13363 ||| Stepping ~*~*~tactically~*~*~ (outnumbered).
 13364 | Lair:4   | 13364 ||| Stepping ~*~*~tactically~*~*~ (outnumbered).
 13365 | Lair:4   | 13365 ||| Stepping ~*~*~tactically~*~*~ (outnumbered).
 13366 | Lair:4   | 13366 ||| Stepping ~*~*~tactically~*~*~ (outnumbered).
 13367 | Lair:4   | 13367 ||| Stepping ~*~*~tactically~*~*~ (outnumbered).
 13604 | Lair:4   | HP: 31/127 [oklob plant/splash of acid (17)]
 13605 | Lair:4   | 13605 ||| READING 2 scrolls of teleportation.
 13788 | Lair:4   | 13788 ||| FLEEEEING.
 13794 | Lair:4   | 13794 ||| FLEEEEING.
 13896 | Lair:4   | 13896 ||| READING scroll of teleportation.
 13900 | Lair:4   | 13900 ||| FLEEEEING.
 13901 | Lair:4   | 13901 ||| FLEEEEING.
 14000 | Lair:4   | HP: 21/127 [oklob plant/splash of acid (26)]
 14001 | Lair:4   | 14001 ||| DRINKING 2 potions of heal wounds.
 14003 | Lair:4   | 14003 ||| DRINKING potion of heal wounds.
 14005 | Lair:4   | HP: 17/127 [oklob plant/splash of acid (32)]
 14014 | Lair:4   | HP: 7/127 [oklob plant/splash of acid (20)]
 14022 | Lair:4   | HP: 5/127 [oklob plant/splash of acid (10)]
 14025 | Lair:4   | Killed from afar by an oklob plant

Levels and vault maps discovered:
D:1:      lemuel_arrival_muddy, layout_basic
D:2:      layout_rooms, basic_altar, minmay_worlds_worst_comb
D:3:      layout_loops_ring, mainiacjoe_overflow_alcove_2,
          hellmonk_ecumenical_altar_zigzags
D:4:      layout_gridville, trog_wizard, uniq_natasha, uniq_crazy_yiuf_cottage,
          uniq_sigmund, uniq_menkaure
D:5:      layout_rooms, mainiacjoe_overflow_catch_the_wave, uniq_eustachio
D:6:      layout_loops_cross, lemuel_temple_firewalk_a, serial_shops,
          nicolae_shop_advertising_works [nicolae_subvault_shop_adworks],
          enter_ossuary_2, grunt_decor_cap, serial_park_tiny_1, uniq_pikel,
          uniq_edmund, uniq_maggie
D:7:      layout_basic
D:8:      minmay_angry_zag, layout_basic, lemuel_coloured_pillars_altar,
          gammafunk_ghost_spectres, uniq_joseph, uniq_psyche
D:9:      due_megacathedral, layout_basic, lair_entry_dummy, amethyst_killhole
Lair:1:   layout_cave_pods, grunt_forest_large_clearings, grunt_megastairs_2,
          serial_bayou_shore_a, lemuel_fruit_fields
Lair:2:   layout_regular_city, palyth_hydra_swamp_entry,
          ebering_ghost_funeral_grove, gauntlet_entry_generic,
          chequers_serial_rivers_marsh
Lair:3:   layout_chaotic_city, spider_nest_entry_rubble
Lair:4:   layout_cave_pods, minmay_lair_oklob_bushes

Skill      XL: |  1  2  3  4  5  6  7  8  9 10 11 12 13 |
---------------+----------------------------------------+-----
Unarmed Combat | 4 5 6 7 8 9 10 12 14 16 18 | 18.6
Fighting       | 3 4 5 7 8 |  8.0
Dodging        | 1 2 |  2.2
Throwing       | 1 5 6 7 |  7.1
Armour         | 2 3 4 |  4.3
Spellcasting   | |  1.0
Fire Magic     | |  2.1

Action                   |  1- 3 |  4- 6 |  7- 9 | 10-12 | 13-15 || total
-------------------------+-------+-------+-------+-------+-------++-------
Melee: Unarmed           |    55 |   105 |   312 |   425 |    72 ||   969
       Punch             |     1 |     2 |    12 |    26 |     9 ||    50
Throw: Boomerang         |       |       |    26 |     1 |       ||    27
       Large rock        |       |       |    20 |    58 |     6 ||    84
       Javelin           |       |       |       |    33 |    13 ||    46
Invok: Fiery Armour      |     1 |     1 |     1 |     7 |     3 ||    13
  Use: Scroll            |     2 |     9 |     9 |     7 |     4 ||    31
       Potion            |       |     1 |     4 |     3 |     2 ||    10
Armor: Robe              |    13 |    32 |    56 |       |       ||   101
       Swamp dragon scal |       |       |    66 |   247 |    43 ||   356
Dodge: Dodged            |    19 |    36 |    81 |   157 |    22 ||   315

Table legend:
 A = Non-vault XP
 B = Vault XP
 C = Vault XP percentage of total XP
 D = Non-vault monster count
 E = Vault monster count
 F = Vault count percentage of total count
                 A         B        C        D         E       F
            +---------+---------+-------+---------+---------+-------
      Total |   35078 |   11346 |  24.4 |     260 |      99 |  27.6
            +---------+---------+-------+---------+---------+-------
        D:1 |      22 |       0 |   0.0 |      12 |       0 |   0.0
        D:2 |     107 |       8 |   7.0 |      20 |       4 |  16.7
        D:3 |     165 |       0 |   0.0 |      23 |       0 |   0.0
        D:4 |     365 |     446 |  55.0 |      15 |       3 |  16.7
        D:5 |     391 |     191 |  32.8 |       9 |       1 |  10.0
        D:6 |     896 |    1205 |  57.4 |      18 |       3 |  14.3
        D:7 |     497 |       0 |   0.0 |      13 |       0 |   0.0
        D:8 |     679 |    1289 |  65.5 |      13 |       7 |  35.0
        D:9 |    3363 |    1073 |  24.2 |      30 |       5 |  14.3
     Lair:1 |    9422 |    3843 |  29.0 |      35 |      31 |  47.0
     Lair:2 |    3706 |    2570 |  40.9 |      21 |       6 |  22.2
     Lair:3 |    6416 |     542 |   7.8 |      22 |       1 |   4.3
     Lair:4 |    9049 |       0 |   0.0 |      29 |       0 |   0.0
    Ossuary |       0 |     179 | 100.0 |       0 |      38 | 100.0
            +---------+---------+-------+---------+---------+-------
